 Dungeon Crawl Stone Soup version 0.21-a0-270-g8204059 (webtiles) character file.

522 FrankyJ the Ducker (level 7, -12/43 HPs)
             Began as a Gargoyle Gladiator on Sept 14, 2017.
             Mangled by an ogre
             ... wielding a +0 giant spiked club
              (25 damage)
             ... on level 5 of the Dungeon.
             The game lasted 00:08:09 (4169 turns).

FrankyJ the Ducker (Gargoyle Gladiator)             Turns: 4169, Time: 00:08:10

Health: -12/43     AC:  9    Str: 18    XL:     7   Next: 22%
Magic:  7/7        EV: 14    Int:  8    God:
Gold:   204        SH:  0    Dex: 13    Spells: 6/6 levels left

rFire    . . .     SeeInvis +   a - +1 quarterstaff
rCold    . . .     Gourm    .   (shield currently unavailable)
rNeg     + . .     Faith    .   b - +0 leather armour
rPois    ∞         Spirit   .   c - +1 helmet
rElec    +         Reflect  .   (no cloak)
rCorr    .         Harm     .   (no gloves)
MR       .....                  (no boots)
Stlth    +.........             (no amulet)
HPRegen  0.14/turn              v - ring of see invisible
MPRegen  0.10/turn              (no ring)

@: no status effects
A: negative energy resistance 1, electricity resistance, unbreathing,
petrification resistance, rot immunity, AC +4
a: no special abilities


You were on level 5 of the Dungeon.
You were not hungry.

You visited 1 branch of the dungeon, and saw 5 of its levels.

You collected 204 gold pieces.

Inventory:

Hand Weapons
 a - a +1 quarterstaff (weapon)
Missiles
 d - 3 throwing nets (quivered)
 j - 6 javelins
 s - 6 tomahawks
Armour
 b - a +0 leather armour (worn)
 c - a +1 helmet (worn)
 h - a +0 large shield
Jewellery
 r - an uncursed amulet of the gourmand {unknown}
 v - a ring of see invisible (left hand)
Wands
 x - a wand of random effects (15/48)
Scrolls
 e - 2 scrolls of remove curse
 i - a scroll of teleportation
 k - a scroll of amnesia {unknown}
 m - 3 scrolls of identify
 p - 2 scrolls of recharging
Potions
 n - 2 potions of curing
 o - a potion of cancellation
 t - a potion of flight
 u - 2 potions of resistance {unknown}
 w - a potion of haste
Comestibles
 f - 3 bread rations
 g - 2 meat rations
 l - a royal jelly
 q - 5 chunks of flesh


   Skills:
 - Level 4.0 Fighting
 + Level 4.9 Staves
 - Level 2.0 Throwing
 - Level 5.0 Dodging


You had 6 spell levels left.
You didn't know any spells.

Dungeon Overview and Level Annotations

Branches:
Dungeon (5/15)
 Temple: D:4-7

Altars:
Gozag

Annotations:
D:2 Sigmund


Innate Abilities, Weirdness & Mutations

You are resistant to torment.
Your stone body is resilient. (AC +4)
You are immune to poison.
You resist negative energy. (rN+)
You are resistant to electric shocks. (rElec)
You can survive without breathing.
You are immune to petrification.
You are immune to rotting.


Message History

You are too injured to fight recklessly!
You are too injured to fight recklessly!
You are too injured to fight recklessly!
You are too injured to fight recklessly!
You are too injured to fight recklessly!
You are too injured to fight recklessly!
You are too injured to fight recklessly!
You are too injured to fight recklessly!
You are too injured to fight recklessly!
You are too injured to fight recklessly!
You are too injured to fight recklessly!
You are too injured to fight recklessly!
You are too injured to fight recklessly!
Unknown command.
You closely miss the ogre. The ogre closely misses you.
You hit the ogre.
The ogre is lightly wounded.
The ogre hits you with a giant spiked club!!
Ouch! That really hurt!
You die...

###########
.........>#
#...w#.# #O#.#
#@#.#####
#.......#
#..###.###.#
#......###.#
#####+#####....#
#...........####
#........[..####
#.....)........#
#..........###.#


You could see an ogre and a worm.

Vanquished Creatures
  A centaur (D:5)
  A scorpion (D:2)
  A hound (D:5)
  2 orc wizards (D:4)
  2 orc priests
  A bullfrog skeleton (D:5)
  2 worker ants
  A hound zombie (D:5)
  6 adders
  An ooze (D:1)
  An adder skeleton (D:3)
  2 worms
  4 leopard geckos
  11 orcs
  A ball python (D:3)
  5 giant cockroaches
  3 goblins
  9 hobgoblins
  3 jackals (D:1)
  7 kobolds
  5 quokkas
  6 bats
  A frilled lizard (D:2)
  7 rats
83 creatures vanquished.

Notes
Turn   | Place    | Note
-------+----------+-------------------------------------------
     0 | D:1      | FrankyJ the Gargoyle Gladiator began the quest for the Orb.
     0 | D:1      | Reached XP level 1. HP: 12/12 MP: 1/1
   117 | D:1      | Reached XP level 2. HP: 18/18 MP: 2/2
   415 | D:1      | Reached XP level 3. HP: 19/22 MP: 3/3
   917 | D:2      | Reached skill level 3 in Dodging
  1093 | D:2      | Reached XP level 4. HP: 28/28 MP: 4/4
  1285 | D:2      | Noticed Sigmund
  2064 | D:3      | Reached XP level 5. HP: 26/33 MP: 5/5
  2466 | D:2      | Reached skill level 4 in Dodging
  3488 | D:4      | Reached XP level 6. HP: 36/38 MP: 6/6
  3516 | D:4      | Reached skill level 5 in Dodging
  3793 | D:4      | Found an opulent altar of Gozag.
  3999 | D:5      | Entered Level 5 of the Dungeon
  4125 | D:5      | Reached XP level 7. HP: 39/43 MP: 7/7
  4169 | D:5      | Mangled by an ogre

Vault maps used:
D:1:      sevenhm_arrival_forest_fort_small_4, corexii_corridor_pit,
          minmay_hedge_maze
D:2:      uniq_sigmund
D:3:      first_bread
D:4:      grunt_gozag_breadcrumbs
D:5:      okawaru_metal_pillars_1_2, serial_shops, nicolae_shop_waterfront,
          uniq_menkaure

Skill      XL: |  1  2  3  4  5  6 |
---------------+-------------------+-----
Throwing       | 2 |  2.0
Fighting       | 3 4 |  4.0
Dodging        | 3 4 5 |  5.0
Staves         | 4 |  4.9

Action                   |  1- 3 |  4- 6 |  7- 9 || total
-------------------------+-------+-------+-------++-------
Melee: Quarterstaff      |   110 |   193 |     9 ||   312
  Use: Potion            |       |     3 |       ||     3
       Scroll            |       |    12 |       ||    12
 Stab: Sleeping          |     1 |     1 |       ||     2
  Eat: Chunk             |     1 |     9 |     1 ||    11
Armor: Leather armour    |    44 |    66 |     1 ||   111
Dodge: Dodged            |    99 |   167 |    10 ||   276

Table legend:
 A = Spawn XP
 B = Non-spawn XP
 C = Spawn XP percentage of total XP
 D = Spawn monster count
 E = Non-spawn monster count
 F = Spawn count percentage of total count
 G = Total turns spent on level
                    A         B        C        D         E        F      G
               +---------+---------+-------+---------+---------+-------+---------
         Total |       0 |     747 |   0.0 |       0 |      83 |   0.0 |  4169
               +---------+---------+-------+---------+---------+-------+---------
           D:1 |       0 |      49 |   0.0 |       0 |      25 |   0.0 |   889
           D:2 |       0 |     139 |   0.0 |       0 |      18 |   0.0 |   980
           D:3 |       0 |      63 |   0.0 |       0 |      14 |   0.0 |  1293
           D:4 |       0 |     196 |   0.0 |       0 |      17 |   0.0 |   837
           D:5 |       0 |     300 |   0.0 |       0 |       9 |   0.0 |   170
               +---------+---------+-------+---------+---------+-------+---------
